 Dungeon Crawl Stone Soup version 0.31-a0-187-gba352fbbf7 (webtiles) character file.

Game seed: 3182737965090130223

42 qw the Shooter (level 3, 0/20 HPs)
             Began as a Deep Elf Hunter on June 22, 2023.
             Slain by Terence
             ... wielding a +0 short sword
              (3 damage)
             ... on level 2 of the Dungeon.
             The game lasted 00:00:26 (1087 turns).

qw the Shooter (Deep Elf Hunter)                    Turns: 1087, Time: 00:00:26

Health: 0/20       AC:  3    Str: 10    XL:     3   Next: 35%
Magic:  5/5        EV: 12    Int: 13    God:
Gold:   73         SH:  0    Dex: 18    Spells: 2/2 levels left

rFire   + . .        Y - +0 shortbow
rCold   + . .        (shield currently unavailable)
rNeg    . . .        c - +0 leather armour
rPois   .            (no helmet)
rElec   .            i - scarf {rC+ rF+}
rCorr   .            (no gloves)
SInv    .            (no boots)
Will    .....        e - amulet of regeneration
Stlth   ++           (no ring)
HPRegen 1.03/turn    (no ring)
MPRegen 0.09/turn

%: no passive effects
@: no status effects
A: no striking features
a: no special abilities


You were on level 2 of the Dungeon.
You visited 1 branch of the dungeon, and saw 2 of its levels.

You collected 73 gold pieces.


   Skills:
 - Level 1.5 Fighting
 + Level 6.9 Ranged Weapons
 - Level 2.4 Dodging
 - Level 1.2 Stealth


You had 2 spell levels left.
You didn't know any spells.
Your spell library was empty.

Inventory:

Hand Weapons
 Y - a +0 shortbow (weapon)
Armour
 c - a +0 leather armour (worn)
 f - a +0 cloak
 h - a +2 pair of boots
 i - a scarf of resistance (worn)
Jewellery
 e - an amulet of regeneration (around neck)
Scrolls
 a - a scroll of identify
 d - a scroll of silence {unknown}
 m - a scroll of teleportation {unknown}
Potions
 b - a potion of mutation {unknown}
 g - a potion of haste {unknown}
 j - a potion of might {unknown}
 k - a potion of cancellation {unknown}
 l - a potion of curing {unknown}

Dungeon Overview and Level Annotations

Branches:
Dungeon (2/15)

Altars:

Annotations:
D:2 Terence


Message History

Enter note:
Enter note: You shoot an arrow.
The arrow hits Terence but does no damage.
Terence shouts!
You shoot an arrow. The arrow hits Terence.
Terence is moderately wounded.
You shoot an arrow.
The arrow hits Terence but does no damage.
Terence is moderately wounded.
You shoot an arrow.
The arrow hits Terence but does no damage.
Terence is moderately wounded.
You shoot an arrow. The arrow barely misses Terence.
You shoot an arrow. The arrow hits Terence.
Terence is heavily wounded.
Terence hits you with a +0 short sword.
You shoot an arrow. The arrow barely misses Terence.
Terence hits you with a +0 short sword.
You shoot an arrow.
The arrow hits Terence but does no damage.
Terence is heavily wounded.
Terence barely misses you. x2
You shoot an arrow. The arrow hits Terence.
Terence is severely wounded.
Terence hits you with a +0 short sword.
You shoot an arrow. The arrow closely misses Terence.
Terence hits you with a +0 short sword!
You shoot an arrow.
The arrow hits Terence but does no damage.
Terence is severely wounded.
Terence says, "Did you write a will?
You should..."
Terence hits you with a +0 short sword.
You shoot an arrow.
The arrow hits Terence but does no damage.
Terence is severely wounded.
Terence misses you.
You shoot an arrow. The arrow barely misses Terence.
Terence hits you with a +0 short sword.
You die...

#.........# #.........#
##.......## ##.....##
##...## ####### # ##..##
......# ####.##
##.#.######## #####.#
#..)...#####.###........
...##.#
#......@......#.########
##.##.#
#..#.#@#######...##
......# #. #.....#
##.#### .. ##...## #.#
..# ##.## #.# ##. #.#
#.# #. #.# #.# #. #+#
##.##


You could see Terence.

Vanquished Creatures
  An adder (D:2)
  A dart slug (D:1)
  5 endoplasms
  3 giant cockroaches
  4 goblins
  3 hobgoblins
  5 kobolds
  A quokka (D:1)
  A ball python (D:1)
  A frilled lizard (D:1)
  2 rats
27 creatures vanquished.

Notes
Turn   | Place    | Note
-------+----------+-------------------------------------------
     0 | D:1      | qw the Deep Elf Hunter began the quest for the Orb.
     0 | D:1      | Reached XP level 1. HP: 12/12 MP: 3/3
     0 | D:1      | 0 ||| qw: Version: 0.3-a-9-g12657ce
     0 | D:1      | 0 ||| qw: Game counter: 2009
     0 | D:1      | 0 ||| qw: Always use a shield: true
     0 | D:1      | 0 ||| qw: God list: Okawaru
     0 | D:1      | 0 ||| qw: Allow faded altars: false
     0 | D:1      | 0 ||| qw: Do Orc after D:15 true
     0 | D:1      | 0 ||| qw: Do second Lair branch before Depths: true
     0 | D:1      | 0 ||| qw: Lair rune preference: random
     0 | D:1      | 0 ||| qw: Plans: Normal
     0 | D:1      | 0 ||| PLANNING D:1-11
   185 | D:1      | Reached skill level 6 in Ranged Weapons
   185 | D:1      | Reached XP level 2. HP: 16/16 MP: 4/4
   350 | D:1      | 350 ||| FLEEEEING.
   351 | D:1      | 351 ||| FLEEEEING.
   352 | D:1      | 352 ||| FLEEEEING.
   353 | D:1      | 353 ||| FLEEEEING.
   354 | D:1      | 354 ||| FLEEEEING.
   355 | D:1      | 355 ||| FLEEEEING.
   438 | D:1      | 438 ||| UPGRADING to +0 cloak.
   443 | D:1      | 443 ||| UPGRADING to scarf of resistance.
   453 | D:1      | 453 ||| UPGRADING to amulet of regeneration.
   458 | D:1      | 458 ||| READING 3 scrolls labelled KESTOSIRE.
   459 | D:1      | 459 ||| READING 2 scrolls of identify.
   459 | D:1      | 459 ||| IDENTIFYING inky potion
   460 | D:1      | 460 ||| DROPPING scroll of butterflies.
   461 | D:1      | 461 ||| DROPPING potion of degeneration.
   481 | D:2      | 481 ||| STAIRDANCE
   867 | D:2      | Reached XP level 3. HP: 20/20 MP: 5/5
  1074 | D:2      | Noticed Terence
  1084 | D:2      | HP: 4/20 [Terence/+0 short sword (7)]
  1085 | D:2      | HP: 1/20 [Terence/+0 short sword (4)]
  1087 | D:2      | Slain by Terence

Levels and vault maps discovered:
D:1:      nzn_arrival_depleted_hourglass, layout_rooms
D:2:      layout_loops_corners, shapermc_ecumenical_altar_hornbeckon,
          uniq_terence

Skill      XL: |  1 |
---------------+----+-----
Ranged Weapons | 6 |  6.9
Fighting       | |  1.5
Dodging        | |  2.4
Stealth        | |  1.2

Action                     || total
---------------------------++-------
   Fire: Shortbow          ||    94
    Use: Scroll            ||     2
 Armour: Leather armour    ||     5
  Dodge: Dodged            ||    16

Table legend:
 A = Non-vault XP
 B = Vault XP
 C = Vault XP percentage of total XP
 D = Non-vault monster count
 E = Vault monster count
 F = Vault count percentage of total count
                 A         B        C        D         E       F
            +---------+---------+-------+---------+---------+-------
      Total |      61 |       0 |   0.0 |      27 |       0 |   0.0
            +---------+---------+-------+---------+---------+-------
        D:1 |      28 |       0 |   0.0 |      15 |       0 |   0.0
        D:2 |      33 |       0 |   0.0 |      12 |       0 |   0.0
            +---------+---------+-------+---------+---------+-------
